 Dungeon Crawl Stone Soup version 0.13-a0-3016-gcb2faac (webtiles) character file.

92 PolkaDot the Magician (level 2, -2/17 HPs)
             Began as a Vampire Wizard on Sept 14, 2013.
             Slain by a hobgoblin
             ... wielding a +0,+0 club
              (4 damage)
             ... on Level 1 of the Dungeon.
             The game lasted 00:05:55 (937 turns).

PolkaDot the Magician (Vampire Wizard)               Turns: 937, Time: 00:05:55

HP  -2/17        AC  2     Str  6      XL: 2   Next: 72%
MP   0/8         EV 12     Int 20      God:
Gold 69          SH  0     Dex 12      Spells:  1 memorised,  7 levels left

Res.Fire  : . . .   See Invis. : +   a - -1,+1 orc dagger
Res.Cold  : . . .   Warding    : .   e - +0 robe {MR+}
Life Prot.: + . .   Conserve   : .   (no shield)
Res.Poison: .       Res.Corr.  : .   b - +0 wizard hat
Res.Elec. : .       Clarity    : .   (no cloak)
Sust.Abil.: . .     Spirit.Shd : .   (no gloves)
Res.Mut.  : .       Stasis     : .   (no boots)
Res.Rott. : .       Flight     : .   (no amulet)
Saprovore : . . .                    (no ring)
                                     (no ring)

@: very slightly contaminated, somewhat resistant to hostile enchantments,
stealthy
A: fangs 3, see invisible, unbreathing
a: no special abilities


You were on level 1 of the Dungeon.
You were not thirsty.

You visited 1 branch of the dungeon, and saw 2 of its levels.

You collected 49 gold pieces.

Inventory:

Hand weapons
 a - a -1,+1 orcish dagger (weapon)
Armour
 b - a +0 wizard hat (worn)
 e - a +0 robe of magic resistance (worn)
 k - a +0 pearl dragon armour
Scrolls
 f - 2 scrolls of noise {unknown}
 j - a scroll of remove curse {unknown}
 l - a scroll of identify {unknown}
 m - a scroll of recharging {unknown}
Potions
 d - a potion of blood
 g - 2 potions of might {unknown}
 h - a potion of heal wounds {unknown}
 i - 3 potions of curing {unknown}
Books
 c - a book of Minor Magic

   Spells                             Type                      Level
   *Magic Dart                        Conjuration                  1
   Blink                              Translocation                2
   Call Imp                           Summoning                    2
   Repel Missiles                     Charms/Air                   2
   Slow                               Hexes                        2
   Conjure Flame                      Conjuration/Fire             3
   Mephitic Cloud                     Conjuration/Poison/Air       3


   Skills:
 + Level 2.5 Dodging
 + Level 3.2 Stealth
 + Level 3.6 Spellcasting
 + Level 0.7 Conjurations
   Level 1.0 Summonings
   Level 0.7 Translocations


You had 7 spell levels left.
You knew the following spells:

 Your Spells              Type           Power        Failure   Level  Hunger
a - Magic Dart            Conj           #...         12%         1    None


Dungeon Overview and Level Annotations

Branches:
Dungeon (2/27)

Altars:


Innate Abilities, Weirdness & Mutations

You have razor-sharp teeth.
You have supernaturally acute eyesight.
You can survive without breathing.


Message History

The hobgoblin closely misses you.
Casting: Magic Dart
Confirm with . or Enter, or press ? or * to list all spells.
Aiming: Magic Dart
Press: ? - help, Shift-Dir - straight line, f/p - hobgoblin
Aim: a hobgoblin, wielding a club (severely wounded)
The magic dart hits the hobgoblin.
The hobgoblin is almost dead.
Casting: Magic Dart
Confirm with . or Enter, or press ? or * to list all spells.
Aiming: Magic Dart
Press: ? - help, Shift-Dir - straight line, f/p - hobgoblin
Aim: a hobgoblin, wielding a club (almost dead)
You miscast Magic Dart.
Nothing appears to happen.
The hobgoblin hits you with a club.
* * * LOW HITPOINT WARNING * * *
You hit the hobgoblin but do no damage.
The hobgoblin is almost dead.
The hobgoblin hits you with a club.
You die...

.#..........≈P♣≈♣≈≈.≈........##..
.#........(.PP≈≈≈♣≈≈#........##..
............≈PP)≈≈PP#......).....
##...........≈≈P≈PP≈#........##..
###.#.......#.≈≈PP#######.####..
#.############### #.# #.. #.# #.#
#..
###.#####################.####..
##.............g@........%.......
............#############.....#..
##..........# #.....#..
#..........# #.....#..
#..........# #.....#..
#.......>..# #.....###
##..........# #.....#
............# #.....#
##..........# #.....#


You could see a hobgoblin.

Vanquished Creatures
  A giant gecko (D:1)
  A ball python (D:1)
  2 bats
  A hobgoblin (D:1)
  2 jackals
  2 kobolds
  3 giant newts (D:1)
  7 goblins (D:1)
  A rat (D:1)
20 creatures vanquished.

Notes
Turn   | Place    | Note
--------------------------------------------------------------
     0 | D:1      | PolkaDot, the Vampire Wizard, began the quest for the Orb.
     0 | D:1      | Reached XP level 1. HP: 11/11 MP: 6/6
   209 | D:1      | Reached XP level 2. HP: 17/17 MP: 4/8
   937 | D:1      | Slain by a hobgoblin

Action                   || total
-------------------------++-------
Melee: Dagger            ||     8
 Cast: Magic Dart        ||    47
 Stab: Sleeping          ||     1
